 Dungeon Crawl Stone Soup version 0.29.1-2-gbd0b4ee654 (webtiles) character file.

Game seed: 8805987529956539232

247 qeuew the Chopper (level 6, -4/48 HPs)
             Began as a Formicid Fighter on Nov 3, 2022.
             Was an Initiate of Makhleb.
             Slain by an ogre
             ... wielding a +0 giant spiked club
              (21 damage)
             ... on level 4 of the Dungeon.
             The game lasted 00:03:46 (4381 turns).

qeuew the Chopper (Formicid Fighter)                Turns: 4381, Time: 00:03:47

Health: -4/48      AC:  9    Str: 22    XL:     6   Next: 34%
Magic:  15/15      EV:  9    Int:  8    God:    Makhleb [......]
Gold:   269        SH:  5    Dex: 13    Spells: 5/5 levels left

rFire   . . .      SeeInvis +   a - +0 war axe
rCold   . . .      Faith    .   c - +0 buckler
rNeg    . . .      Spirit   .   b - +0 scale mail
rPois   +          Reflect  .   (helmet unavailable)
rElec   .          Harm     .   (no cloak)
rCorr   .          Rampage  .   o - +0 pair of gloves
Will    .....                   s - +0 pair of boots
Stlth   ..........              (no amulet)
HPRegen 0.16/turn               j - ring of poison resistance
MPRegen 0.14/turn               i - ring of magical power

@: no status effects
A: permanent stasis, dig shafts and tunnels, antennae 3, four strong arms
a: Dig, Shaft Self, Renounce Religion


You were on level 4 of the Dungeon.
You worshipped Makhleb.
Makhleb was noncommittal.
You visited 1 branch of the dungeon, and saw 4 of its levels.

You collected 269 gold pieces.

Inventory:

Hand Weapons
 a - a +0 war axe (weapon)
Armour
 b - a +0 scale mail (worn)
 c - a +0 buckler (worn)
 o - a +0 pair of gloves (worn)
 s - a +0 pair of boots (worn)
Jewellery
 i - a ring of magical power (right hand)
 j - a ring of poison resistance (left hand)
 k - a ring of fire
Wands
 e - a wand of polymorph (9)
 f - a wand of flame (16)
 m - a wand of paralysis (5)
Scrolls
 h - a scroll of blinking {unknown}
 q - a scroll of magic mapping
 t - a scroll of identify {unknown}
Potions
 d - 2 potions of might
 g - 2 potions of invisibility {unknown}
 l - 3 potions of curing
 n - a potion of berserk rage {unknown}
 p - a potion of cancellation {unknown}
 r - a potion of lignification {unknown}
 u - a potion of degeneration {unknown}


   Skills:
 + Level 3.8 Fighting
 * Level 5.0 Axes
 + Level 3.9 Armour
 + Level 0.6 Dodging
 + Level 0.3 Stealth
 + Level 4.8 Shields


You had 5 spell levels left.
You didn't know any spells.
Your spell library contained the following spells:

 Spells                   Type           Power      Damage    Failure   Level
 Static Discharge         Conj/Air       0%         3-3/arc   90%         2
 Dispel Undead            Necr           0%         3d6       100%        4
 Sticky Flame             Conj/Fire      0%         2d3       100%        4
 Fireball                 Conj/Fire      0%         3d3       100%        5
 Iskenderun's Battlesphe  Conj           0%         2d6       100%        5
 Conjure Ball Lightning   Conj/Air       0%         3x3d6     100%        6
 Orb of Destruction       Conj           0%         9d5       100%        7


Dungeon Overview and Level Annotations

Branches:
Dungeon (4/15)
 Temple: D:4-7

Altars:
Makhleb
Ru
Uskayaw
Xom
Yredelemnul


Innate Abilities, Weirdness & Mutations

You cannot be hasted, slowed, berserked, paralysed or teleported.
You can dig through walls and to a lower floor.
You have a pair of large antennae on your head. (SInv)
Your four strong arms can wield two-handed weapons with a shield.


Message History

You kill the ball python!
Makhleb accepts your kill.
A quokka is nearby!
You hit the quokka.
You kill the quokka!
Makhleb accepts your kill.
You see here a ball python corpse.
You sense a monster nearby.
No target in view!
You open the door.
Found a war axe.
No target in view!
There is an open door here.
u - a silvery potion No target in view!
You now have 263 gold pieces (gained 11).
You now have 269 gold pieces (gained 6).
You see here a +0 cloak.
There is an open door here.
You open the door.
An ogre comes into view. It is wielding a +0 giant spiked club.
The ogre shouts!
The ogre moves out of view.
No target in view!
A necrophage comes into view.
You slash the ogre!
The ogre is moderately wounded.
The ogre hits you with a +0 giant spiked club!
There are monsters nearby!
You hit the ogre.
The ogre is moderately wounded.
The ogre completely misses you.
There are monsters nearby!
You slash the ogre!
The ogre is severely wounded.
The ogre hits you with a +0 giant spiked club!
You barely miss the ogre.
The ogre is severely wounded.
The ogre hits you with a +0 giant spiked club!!
You die...

#.##.# { ##))#######.#
#.##.# ..##8..8##..##.#
#.##.# ..+......'..##.#
#.##.# ..#..##..#..##.#
#.##.######
##..########..##.#
#.........# #...
#)...#...#... ####.####.#
#n. #...[#...##..
#.####.###O####'#####..##..
#......##.@........##..##..
######.##.........†#...#...
#.######..##.†'...###. #.#
#..##############.
#.###.....# #.......#
#.#.......####...####.
#..?#............##...
#.#...#.########.##.#.
#..###..# #...........


You could see an ogre and a necrophage.

Vanquished Creatures
  A jelly (D:4)
  An iguana (D:4)
  Crazy Yiuf (D:3)
  Jessica (D:3)
  Ijyb (D:3)
  A gnoll (D:1)
  3 adders
  A white imp (D:4)
  3 orcs (D:4)
  11 ball pythons
  3 endoplasms
  2 giant cockroaches
  4 goblins
  7 hobgoblins
  5 jackals (D:4)
  A quokka (D:4)
  7 bats
  12 kobolds
  3 rats
68 creatures vanquished.

Notes
Turn   | Place    | Note
-------+----------+-------------------------------------------
     0 | D:1      | qeuew the Formicid Fighter began the quest for the Orb.
     0 | D:1      | Reached XP level 1. HP: 18/18 MP: 1/1
   563 | D:1      | Reached XP level 2. HP: 16/24 MP: 2/2
   714 | D:1      | Reached XP level 3. HP: 29/29 MP: 3/3
  1630 | D:2      | Reached skill level 3 in Axes
  2011 | D:3      | Found a shimmering altar of Xom.
  2103 | D:3      | Reached XP level 4. HP: 24/36 MP: 4/4
  2302 | D:3      | Found a runed translucent door.
  2303 | D:3      | Noticed Crazy Yiuf
  2469 | D:3      | Found a basalt altar of Yredelemnul.
  2592 | D:3      | Noticed Ijyb
  2598 | D:3      | Killed Ijyb
  2626 | D:3      | Noticed Jessica
  2630 | D:3      | Killed Jessica
  2631 | D:3      | Reached skill level 4 in Axes
  2631 | D:3      | Reached XP level 5. HP: 39/42 MP: 5/5
  2734 | D:3      | Found a burning altar of Makhleb.
  2736 | D:3      | Noticed a balrug
  2740 | D:3      | Noticed a hellwing
  2740 | D:3      | Noticed a ynoxinul
  2742 | D:3      | Became a worshipper of Makhleb the Destroyer
  2989 | D:3      | Killed Crazy Yiuf
  3368 | D:4      | Found a sacrificial altar of Ru.
  3755 | D:4      | Found a hide-covered altar of Uskayaw.
  4132 | D:4      | Reached XP level 6. HP: 32/48 MP: 6/6
  4140 | D:4      | Reached skill level 5 in Axes
  4376 | D:4      | Noticed an ogre
  4381 | D:4      | Slain by an ogre

Illustrated notes

Levels and vault maps discovered:
D:1:      roderic_octagonal_star, layout_basic, minmay_statues_item
D:2:      layout_loops_cross
D:3:      layout_loops_ring, mainiacjoe_overflow_alcove_4,
          yredelemnul_altar_generic, makhleb_altar_promises_db,
          uniq_crazy_yiuf_cottage, uniq_jessica, uniq_ijyb
D:4:      minmay_chambers_of_twos, layout_loops_ring,
          eat_drink_and_be_merry_uskayaw, nicolae_ru_great_annihilating_truth

Skill      XL: |  1  2  3  4  5  6 |
---------------+-------------------+-----
Axes           | 3 4 5 |  5.0
Fighting       | |  3.8
Armour         | |  3.9
Dodging        | |  0.6
Stealth        | |  0.3
Shields        | |  4.8

Action                   |  1- 3 |  4- 6 || total
-------------------------+-------+-------++-------
Melee: War axe           |    91 |   104 ||   195
 Abil: Dig               |     2 |       ||     2
  Use: Scroll            |     7 |       ||     7
       Potion            |     2 |     1 ||     3
 Stab: Paralysed         |       |     1 ||     1
Armor: Scale mail        |    42 |    52 ||    94
Dodge: Dodged            |    45 |    55 ||   100
Block: Buckler           |    33 |    28 ||    61
